 Dungeon Crawl Stone Soup version 0.28-a0-821-g923ab73998 (webtiles) character file.

Game seed: 463588583051911617

592315 Ijustatesigmund the Executioner (level 27, -10/317 HPs)
             Began as a Gnoll Fighter on Nov 5, 2021.
             Was a High Priest of Cheibriados.
             Killed from afar by an orb of fire (44 damage)
             ... with a fireball
             ... on level 5 of the Realm of Zot on Nov 9, 2021.
             The game lasted 04:15:29 (72769 turns).

Ijustatesigmund the Executioner (Gnoll Fighter)    Turns: 72769, Time: 04:15:29

Health: -10/317    AC: 40    Str: 35    XL:     27
Magic:  19/40      EV: 36    Int: 38    God:    Cheibriados [*****.]
Gold:   6144       SH: 32    Dex: 35    Spells: 17/62 levels left

rFire   . . .      SeeInvis .   Q - +7 broad axe of the Puffin {venom, rC- Int+5}
rCold   . . .      Faith    .   G - +5 tower shield {reflect}
rNeg    + . .      Spirit   .   (armour currently unavailable)
rPois   ∞          Reflect  +   N - +2 hat {Will+}
rElec   +          Harm     .   w - +4 cloak "Dailyx" {Dex+3}
rCorr   .          Rampage  .   (gloves currently unavailable)
Will    +++..      Rage     1%  (boots currently unavailable)
Stlth   ++++++++.. Rnd*Tele +   O - amulet of regeneration
HPRegen 2.62/turn               r - ring of Sin {rC+ Str+4 Int+2 Dex+4}
MPRegen 0.27/turn               W - +4 ring of slaying

@: mighty, statue-form, studying 4 skills, unable to read, very slow
A: slow and powerful, torment resistance 1, boosted hp, fangs 1, strong nose,
distributed training, horns 1, agile 1, berserk 1, deformed body, dopey 1, low
mp 1, regeneration 1, robust 1, screaming 1, teleportitis 2, inability to read
while threatened
}: 3/15 runes: decaying, serpentine, silver
a: End Transformation, Renounce Religion, Bend Time, Temporal Distortion,
Slouch, Step From Time


You were on level 5 of the Realm of Zot.
You worshipped Cheibriados.
Cheibriados was extremely pleased with you.
You were a living statue of rough stone.
You visited 10 branches of the dungeon, and saw 49 of its levels.
You visited the Abyss 3 times.

You collected 10803 gold pieces.
You spent 4659 gold pieces at shops.

Inventory:

Hand Weapons
 a - a +1 sacred scourge of holy wrath
 Q - the +7 broad axe of the Puffin (weapon) {venom, rC- Int+5}
   (You found it on level 6 of the Lair of Beasts)

   It poisons the flesh of those it strikes.
   Int:       It affects your intelligence (+5).
   rC:        It makes you vulnerable to cold.
Missiles
 p - 83 poisoned darts (quivered)
Armour
 b - the +7 chain mail of Ranippikh {Fly rN+ Int+8 Dex+3}
   (You found it on level 4 of the Swamp)

   Int:       It affects your intelligence (+8).
   Dex:       It affects your dexterity (+3).
   rN:        It protects you from negative energy.
   Fly:       It grants you flight.
 l - the +1 pair of gloves "Amojejo" (melded) {Str+5 Slay+3}
   (You acquired it on level 5 of the Vaults)

   Str:       It affects your strength (+5).
   Slay:      It affects your accuracy & damage with ranged weapons and melee
   (+3).
 s - +2 fire dragon scales (melded)
 w - the +4 cloak "Dailyx" (worn) {Dex+3}
   (You took it off a draconian monk on level 3 of the Realm of Zot)

   Dex:       It affects your dexterity (+3).
 G - a +5 tower shield of reflection (worn)
 I - a +2 pair of boots (melded)
 N - a +2 hat of willpower (worn)
 P - the +4 skin of Zhor {*Englaciate rC+++ SInv}
   (You bought it in a shop on level 14 of the Dungeon)

   It radiates cold, occasionally slowing all nearby creatures who are not
   resistant to cold.
   rC:        It renders you almost immune to cold.
   SInv:      It lets you see invisible.
Jewellery
 r - the ring of Sin (left fist) {rC+ Str+4 Int+2 Dex+4}
   (You took it off a deep elf knight on level 3 of the Elven Halls)

   [ring of protection from cold]

   Str:       It affects your strength (+4).
   Int:       It affects your intelligence (+2).
   Dex:       It affects your dexterity (+4).
   rC:        It protects you from cold.
 F - a ring of the Octopus King {rCorr AC+1 EV+1 Str+1 Int+1 Dex+1}
   (You found it on level 15 of the Dungeon)

   [ring of resist corrosion]

   AC:        It affects your AC (+1).
   EV:        It affects your evasion (+1).
   Str:       It affects your strength (+1).
   Int:       It affects your intelligence (+1).
   Dex:       It affects your dexterity (+1).
   rCorr:     It protects you from acid and corrosion.
 H - a ring of wizardry
 M - a ring of poison resistance
 O - an amulet of regeneration (around neck)
 W - a +4 ring of slaying (right fist)
 X - a ring of wizardry
 Y - the ring "Fastud" {rF++ Will+}
   (You found it on level 15 of the Dungeon)

   [ring of willpower]

   rF:        It greatly protects you from fire.
   Will:      It increases your willpower.
 Z - a ring of protection from fire
Wands
 f - a wand of flame (139)
 g - a wand of acid (39)
 q - a wand of mindburst (37)
 C - a wand of charming (27)
 K - a wand of digging (7)
 U - a wand of iceblast (22)
Scrolls
 c - 4 scrolls of blinking
 d - 6 scrolls of immolation
 k - 9 scrolls of amnesia
 t - a scroll of brand weapon
 v - 4 scrolls of holy word
 x - 11 scrolls of teleportation
 z - 3 scrolls of fog
 B - 8 scrolls of magic mapping
 L - 29 scrolls of identify
 R - 5 scrolls of silence
 S - 3 scrolls of summoning
 T - 5 scrolls of fear
Potions
 h - 15 potions of attraction
 i - 8 potions of resistance
 j - 7 potions of curing
 n - 2 potions of brilliance
 o - 3 potions of cancellation
 u - 2 potions of berserk rage
 A - 7 potions of lignification
 D - a potion of invisibility
 E - a potion of magic
 V - 2 potions of might
Miscellaneous
 e - a condenser vane
 y - a phantom mirror


   Skills:
 + Level 19.4 Fighting
 + Level 18.4 Short Blades
 + Level 21.1 Long Blades
 + Level 23.7 Axes
 + Level 18.4 Maces & Flails
 + Level 18.4 Polearms
 + Level 18.4 Staves
 + Level 18.4 Slings
 + Level 18.4 Bows
 + Level 18.4 Crossbows
 + Level 18.4 Throwing
 + Level 22.0 Armour
 + Level 18.4 Dodging
 + Level 18.4 Stealth
 + Level 19.4 Shields
 + Level 18.4 Unarmed Combat
 + Level 18.4 Spellcasting
 + Level 15.7 Conjurations
 + Level 15.7 Hexes
 + Level 15.7 Summonings
 + Level 15.7 Necromancy
 + Level 15.7 Translocations
 + Level 15.7 Transmutations
 + Level 15.7 Fire Magic
 + Level 15.7 Ice Magic
 + Level 15.7 Air Magic
 + Level 15.7 Earth Magic
 + Level 19.3 Poison Magic
 + Level 19.9 Invocations
 + Level 18.4 Evocations


You had 17 spell levels left.
You knew the following spells:

 Your Spells              Type           Power      Damage    Failure   Level
a - Wereblood             Tmut           100%       N/A       0%          2
b - Lesser Beckoning      Tloc           100%       N/A       0%          3
c - Conjure Flame         Conj/Fire      100%       6-21      0%          3
d - Ignite Poison         Fire/Tmut/Pois 100%       N/A       0%          3
e - Stone Arrow           Conj/Erth      100%       3d13      0%          3
f - Blink                 Tloc           100%       N/A       0%          2
g - Alistair's Intoxicat  Tmut/Pois      70%        N/A       1%          5
h - Borgnjor's Vile Clut  Necr/Erth      50%        N/A       1%          5
i - Statue Form           Tmut/Erth      67%        N/A       1%          6
j - Manifold Assault      Tloc           100%       N/A       1%          5
k - Freezing Cloud        Conj/Ice/Air   50%        6-21      1%          5
l - Portal Projectile     Hex/Tloc       100%       N/A       0%          3

Your spell library contained the following spells:

 Spells                   Type           Power      Damage    Failure   Level
 Beastly Appendage        Tmut           100%       N/A       0%          1
 Foxfire                  Conj/Fire      100%       2x1d9     0%          1
 Freeze                   Ice            100%       1d11      0%          1
 Sandblast                Erth           100%       2d20      0%          1
 Slow                     Hex            100%       N/A       0%          1
 Summon Small Mammal      Summ           100%       N/A       0%          1
 Call Imp                 Summ           100%       N/A       0%          2
 Corpse Rot               Necr/Air       100%       N/A       0%          2
 Ensorcelled Hibernation  Hex/Ice        100%       N/A       0%          2
 Poisonous Vapours        Pois/Air       100%       N/A       0%          2
 Scorch                   Fire           100%       2d10      0%          2
 Static Discharge         Conj/Air       100%       N/A       0%          2
 Call Canine Familiar     Summ           100%       N/A       0%          3
 Confusing Touch          Hex            100%       N/A       0%          3
 Frozen Ramparts          Ice            100%       1d12      0%          3
 Gell's Gravitas          Tloc           100%       N/A       0%          3
 Inner Flame              Hex/Fire       100%       N/A       0%          3
 Ozocubu's Armour         Ice            100%       N/A       0%          3
 Spider Form              Tmut/Pois      100%       N/A       0%          3
 Summon Guardian Golem    Hex/Summ       100%       N/A       0%          3
 Teleport Other           Tloc           100%       N/A       0%          3
 Tukima's Dance           Hex            100%       N/A       0%          3
 Vampiric Draining        Necr           100%       2d13      0%          3
 Airstrike                Air            50%        N/A       1%          4
 Animate Armour           Summ/Erth      100%       N/A       1%          4
 Cause Fear               Hex            50%        N/A       1%          4
 Dispel Undead            Necr           100%       3d31      1%          4
 Flame Wave               Conj/Fire      100%       3d16      1%          4
 Fulminant Prism          Conj/Hex       50%        3d23      1%          4
 Hailstorm                Conj/Ice       100%       3d20      1%          4
 Ice Form                 Ice/Tmut       100%       N/A       1%          4
 Iskenderun's Mystic Bla  Conj/Tloc      100%       2d19      1%          4
 Leda's Liquefaction      Hex/Erth       50%        N/A       1%          4
 Passage of Golubria      Tloc           100%       N/A       1%          4
 Petrify                  Tmut/Erth      100%       N/A       1%          4
 Sticky Flame             Conj/Fire      100%       2d11      1%          4
 Summon Lightning Spire   Summ/Air       100%       N/A       1%          4
 Blade Hands              Tmut           50%        N/A       1%          5
 Fireball                 Conj/Fire      50%        3d20      1%          5
 Irradiate                Conj/Tmut      50%        3d30      1%          5
 Iskenderun's Battlesphe  Conj           100%       2d15      1%          5
 Lee's Rapid Deconstruct  Erth           50%        3d25*     1%          5
 Lightning Bolt           Conj/Air       50%        1d71      1%          5
 Metabolic Englaciation   Hex/Ice        50%        N/A       1%          5
 Silence                  Hex/Air        50%        N/A       1%          5
 Summon Forest            Summ/Tloc      50%        N/A       1%          5
 Yara's Violent Unravell  Hex/Tmut       50%        3d19      1%          5
 Conjure Ball Lightning   Conj/Air       50%        3x3d17    1%          6
 Dispersal                Tloc           50%        N/A       1%          6
 Eringya's Noxious Bog    Tmut/Pois      53%        N/A       1%          6
 Simulacrum               Ice/Necr       50%        N/A       1%          6
 Summon Cactus Giant      Summ           50%        N/A       1%          6
 Dragon Form              Tmut           50%        N/A       2%          7
 Malign Gateway           Summ/Tloc      50%        N/A       2%          7
 Orb of Destruction       Conj           50%        9d15      2%          7
 Ozocubu's Refrigeration  Ice            50%        4d15      2%          7
 Storm Form               Tmut/Air       50%        N/A       2%          7
 Summon Hydra             Summ           50%        N/A       2%          7
 Discord                  Hex            50%        N/A       19%         8
 Disjunction              Tloc           50%        N/A       19%         8
 Lehudib's Crystal Spear  Conj/Erth      50%        10d12     19%         8
 Maxwell's Capacitive Co  Air            50%        ∞         19%         8
 Necromutation            Tmut/Necr      50%        N/A       19%         8
 Summon Horrible Things   Summ           50%        N/A       19%         8
 Dragon's Call            Summ           50%        N/A       95%         9
 Polar Vortex             Ice            50%        N/A       95%         9


Dungeon Overview and Level Annotations

Branches:
Dungeon (15/15)            Temple (1/1) D:4            Lair (6/6) D:10
  Swamp (4/4) Lair:3        Snake (4/4) Lair:3        Slime (0/5) Lair:5
    Orc (2/2) D:10            Elf (3/3) Orc:2        Vaults (5/5) D:13
  Crypt (0/3) Vaults:2     Depths (4/4) D:15            Zot (5/5) Depths:4

Altars:
Ashenzari
Cheibriados
Dithmenos
Elyvilon
Fedhas
Gozag
Hepliaklqana
Kikubaaqudgha
Makhleb
Nemelex Xobeh
Okawaru
Qazlal
Ru
Sif Muna
Trog
Uskayaw
Vehumet
Wu Jian
Xom
Yredelemnul
Zin
Jiyva

Shops:
D:1 *   D:4 :   D:10 :   D:14 [   Orc:1 [([:   Orc:2 [?::   Snake:1 *
Vaults:5 ?

Portals:
Hell: Depths:1 Depths:2 Depths:3 Depths:4
Abyss: Depths:2 Depths:3
Pandemonium: Depths:2
Ziggurat: Depths:1

Annotations:
D:10 1 runed translucent door, wpisznazwe's ghost, journeyman VSDe


Innate Abilities, Weirdness & Mutations

You are a living statue of rough stone.
Your actions are slow, but your melee attacks are powerful.
You are resistant to unholy torment.
Your maximum health is greatly increased.
You are immune to poison.
Your equipment is partially melded.
You have very sharp teeth.
Your uncanny sense of smell can sniff out nearby items.
Your experience applies equally to all skills.
You have a pair of small horns on your head.
You are agile. (Dex +2)
You tend to lose your temper in combat.
Armour fits poorly on your strangely shaped body.
You are dopey. (Int -2)
Your magical capacity is low. (-10% MP)
Your natural rate of healing is unusually fast.
You are robust. (+10% HP)
You occasionally shout uncontrollably at your foes.
You are sometimes teleported next to monsters.
You sometimes lose the ability to read scrolls when taking damage.


Message History

The dread lich casts a spell.
You slice the dread lich like a ripe choko!!!
You headbutt the dread lich!! You bite the dread lich.
The dread lich is almost destroyed.
You slice the Killer Klown!!
The Killer Klown looks as sick as possible!
The dread lich completely misses you.
The Killer Klown giggles crazily.
The Killer Klown blinks!
You block the dread lich's attack.
You hit the dread lich but do no damage.
The dread lich is almost destroyed.
You slash the orb of fire! You block the dread lich's attack.
The tormentor calls on the powers of darkness!
The white draconian convulses!
Your body is wracked with pain!
* * * LOW HITPOINT WARNING * * *
The Killer Klown convulses!
You slice the dread lich!!
You destroy the dread lich!
Cheibriados appreciates the change of pace.
The tormentor disappears in a puff of smoke!
You slash the orb of fire! The Killer Klown pies you viciously!
Your +5 tower shield of reflection reflects the klown pie!
The klown pie hits the white draconian!!
Moon pie!
The white draconian evaporates and reforms as a tyrant leech!
The orb of fire glows deep purple.
The bolt of fire hits you!!
* * * LOW HITPOINT WARNING * * *
Your life force feels restored.
Your Armour skill increases to level 22!
You slice the orb of fire!! Your headbutt misses the orb of fire.
Your bite misses the orb of fire.
The orb of fire is moderately damaged.
The orb of fire glows bright magenta.
Strange energies course through your body.
You feel a little pissed off.
The orb of fire glows yellow.
The fireball explodes!
The fireball engulfs you!!!
You die...

,,,,,,....^..yD......*
,,∆,,,....^.........▓*
,,,,,,............^▓▓
***,,,...9!.......▓▓
▓▓▓▓▓▓▓▓▓▓##.....▓▓
..^..............^##
.##...............^##
##...........w.†*...##
#.............p.8....#
#............§.......#
#...........÷........#
#..^.................#
#.^..................#
#............^.......#
**,.................##
**,,,.............##
**,,............##


You could see an orb of fire, a Killer Klown (extremely poisoned) and a tyrant
leech.

Vanquished Creatures
  The ghost of Uvyism the Gnoll Aeon, a legendary GnMo of Cheibriados (Zot:3)
  4 orbs of fire
  3 dread liches
  3 ancient liches
  Mennas (Vaults:3)
  Sojobo (Depths:3)
  2 Killer Klowns
  Margery (Vaults:4)
  Frederick (Vaults:2)
  Vashnia (Snake:3)
  A caustic shrike (Depths:2)
  Jory (Depths:3)
  8 golden dragons
  3 bone dragons
  The ghost of Soborki the Impregnable, an adept MiBe of Trog (Vaults:1)
  3 electric golems
  2 hellephants (Depths:3)
  20 tentacled monstrosities
  Rupert (Lair:5)
  Jorgrun (Snake:2)
  3 liches
  14 Orb Guardians (Zot:5)
  5 titans
  5 deep elf blademasters
  8 quicksilver dragons
  The ghost of Nomu the Severer, an adept MiBe of Trog (Snake:2)
  7 sphinxes
  3 deep elf master archers (Elf:3)
  2 tentacled starspawn
  An Executioner (Abyss:2)
  9 death cobs
  14 storm dragons
  16 tengu reavers
  6 nagarajas (Snake:4)
  10 shadow dragons
  3 thorn hunters
  7 draconian monks
  2 fenstrider witches (Swamp:2)
  6 fire giants
  9 frost giants
  4 draconian knights
  16 vault wardens
  Louise (Depths:2)
  5 draconian scorchers
  A ghost moth (Zot:3)
  An iron dragon (Vaults:5)
  10 deep elf sorcerers
  Aizul (Snake:2)
  The ghost of bgiannan the Warrior, a journeyman MiFi of Trog (Lair:6)
  6 deep elf elementalists (Elf:3)
  2 orc warlords
  6 draconian shifters
  8 draconian annihilators
  A draconian stormcaller (Depths:4)
  2 spriggan defenders
  19 ironbound preservers
  29 very ugly things
  13 stone giants
  4 war gargoyles
  A quicksilver ooze (shapeshifter) (Elf:1)
  3 ghouls (Swamp:3)
  13 green draconians
  Azrael (D:15)
  7 vampire knights
  8 dire elephants (Vaults:1)
  3 bunyips
  10 deep elf demonologists
  10 red draconians
  8 deep elf annihilators
  11 black draconians
  12 purple draconians
  15 white draconians
  17 yellow draconians
  15 ettins
  A crystal guardian (Vaults:2)
  4 deep elf death magi
  A spark wasp (Depths:2)
  Josephine (Lair:5)
  7 fire dragons
  A merfolk impaler (Depths:1)
  3 jiangshi (Depths:3)
  12 yaktaur captains
  7 deep elf high priests
  11 great orbs of eyes
  2 salamander tyrants
  2 shambling mangroves
  8 ironbound thunderhulks
  A peacekeeper (Vaults:2)
  5 boulder beetles
  14 naga warriors
  6 ice dragons
  32 hydras
  5 ironbound frosthearts
  2 spriggan air magi (Depths:2)
  31 vault guards
  3 rakshasas
  A catoblepas (Lair:6)
  2 ghost crabs
  10 anacondas
  14 centaur warriors
  5 ogre magi
  10 two-headed ogres
  3 death knights
  4 deep troll earth magi
  31 dancing weapons
  15 alligators
  A satyr (shapeshifter) (Vaults:2)
  7 deep troll shamans
  4 tengu warriors
  Urug (D:11)
  7 orc high priests
  6 shock serpents
  4 vampire magi (Depths:3)
  3 thrashing horrors
  6 spriggan berserkers
  10 hell hogs (Depths:3)
  22 hell knights
  Nergalle (Lair:4)
  2 wretched stars (Abyss:2)
  12 naga sharpshooters
  2 sixfirhies
  21 deep elf knights
  8 iron trolls
  4 skeletal warriors
  A deep troll (shapeshifter) (Zot:2)
  A spatial maelstrom (Abyss:3)
  A titan skeleton (Depths:1)
  8 goliath frogs
  A death drake (Swamp:3)
  45 deep trolls
  7 spriggan druids
  3 salamander mystics
  A flayed ghost (Depths:3)
  A bunyip zombie (Abyss:3)
  An obsidian statue (Snake:2)
  4 lindwurms
  10 swamp dragons
  5 bog bodies
  5 sea snakes (Snake:2)
  8 naga ritualists
  13 deep elf archers
  15 ironbound convokers
  3 wizards
  2 harpies (shapeshifter)
  4 glowing orange brains
  A lindwurm (shapeshifter) (Vaults:1)
  A swamp dragon (shapeshifter) (Vaults:5)
  13 phantasmal warriors
  13 harpies
  34 deep elf pyromancers
  13 orc knights
  Pikel (D:6)
  4 necromancers
  8 manticores
  12 mana vipers
  A tengu skeleton (Depths:1)
  2 will-o-the-wisps (Swamp:2)
  2 fire giant zombies (Depths:3)
  43 ugly things
  2 stone giant zombies (Orc:1)
  4 frost giant zombies (Depths:3)
  11 salamanders
  An orc sorcerer (Orc:2)
  Maurice (D:9)
  19 cyclopes
  40 moths of wrath
  23 deep elf zephyrmancers
  A worldbinder (Abyss:3)
  A guardian serpent (shapeshifter) (D:15)
  39 black mambas
  12 elephants
  An orange demon (Abyss:3)
  15 naga magi
  3 guardian serpents
  2 smoke demons
  An apocalypse crab (Abyss:2)
  24 cane toads
  A cane toad (shapeshifter) (Elf:1)
  A torpor snail (Lair:6)
  An unseen horror (D:11)
  14 vault sentinels
  A gargoyle (D:12)
  A naga skeleton (Abyss:3)
  An efreet (D:15)
  A kobold demonologist (D:15)
  A torpor snail (shapeshifter) (Vaults:5)
  Psyche (D:11)
  2 rime drakes
  28 yaktaurs
  An alligator snapping turtle skeleton (Abyss:3)
  A freezing wraith (Vaults:2)
  2 tengu conjurers
  An anaconda simulacrum (Abyss:3)
  8 komodo dragons
  An ancient zyme (Abyss:3)
  4 polar bears
  4 trolls
  10 tyrant leeches
  A harpy zombie (Abyss:3)
  5 meliai
  25 blink frogs
  4 large abominations
  14 hornets
  5 dream sheep (Lair:3)
  25 slime creatures
  A fire giant simulacrum (Depths:1)
  Grinder (D:4)
  7 starcursed masses
  Sigmund (D:4)
  2 redbacks (shapeshifter)
  4 air elementals
  20 flying skulls (Depths:3)
  2 shadows
  A centaur simulacrum (D:15)
  45 yaks
  A spriggan (shapeshifter) (Elf:2)
  15 spriggans
  A tarantella (shapeshifter) (D:11)
  8 wraiths
  4 wyverns
  17 water elementals
  A golden eye (shapeshifter) (Vaults:2)
  3 steam dragons
  A chaos spawn (Abyss:3)
  A hog (shapeshifter) (D:15)
  4 basilisks
  A neqoxec (Abyss:3)
  8 fire elementals
  15 vampire mosquitoes
  17 swamp worms
  A spatial vortex (Abyss:3)
  3 acid dragons
  8 wargs
  56 nagas
  9 water moccasins
  2 floating eyes (D:15)
  5 hell hounds
  A floating eye (shapeshifter) (Depths:1)
  42 orc warriors
  A sky beast (D:7)
  2 black bears
  An ice beast (D:8)
  18 ogres
  10 swamp drakes
  20 wolves
  A boggart (shapeshifter) (Zot:2)
  2 necrophages
  4 boggarts (Vaults:1)
  18 centaurs
  2 lemures (D:6)
  A phantom (D:5)
  2 kobold brigands (D:8)
  17 bullfrogs
  2 cyclops zombies (Orc:1)
  3 scorpions
  A gnoll sergeant (D:9)
  A small abomination (Abyss:3)
  6 earth elementals
  A water moccasin zombie (D:5)
  12 killer bees
  9 wights
  3 howler monkeys
  An electric eel (Lair:3)
  A crimson imp (D:9)
  3 centaur zombies
  A bullfrog zombie (D:6)
  3 quasits (Abyss:2)
  A gnoll shaman (D:8)
  A bullfrog skeleton (D:6)
  A hound (D:7)
  2 jellies
  An iron imp (Abyss:2)
  32 orc priests
  5 centaur skeletons
  4 iguanas
  33 orc wizards
  5 hell rats (Lair:6)
  2 killer bee zombies
  5 gnolls (D:9)
  2 howler monkey zombies
  7 adders
  A shadow imp (D:8)
  2 white imps (D:5)
  A worm (D:4)
  4 dart slugs
  80 orcs
  9 endoplasms
  2 giant cockroaches (D:1)
  4 goblins
  3 hobgoblins
  3 jackals (D:4)
  13 kobolds
  6 quokkas
  9 ball pythons
  6 bats
  3 frilled lizards
  8 rats
  6 briar patches (Swamp:2)
  10 plants (Depths:4)
2205 creatures vanquished.

Vanquished Creatures (collateral kills)
  A catoblepas (Lair:6)
  A warg (Orc:1)
  2 orc warriors (Orc:1)
  3 orc priests (Orc:1)
  3 orc wizards (Orc:1)
  8 orcs (Orc:1)
18 creatures vanquished.

Vanquished Creatures (others)
  A rakshasa (D:15)
  A deep elf knight (Elf:2)
  A deep elf archer (Elf:3)
  A deep elf zephyrmancer (Elf:3)
  A bloated husk (Swamp:3)
  A water elemental (Depths:3)
  A fire elemental (D:15)
  A boggart (Vaults:1)
  A killer bee (D:8)
  A centaur zombie (D:6)
  A bush (Lair:6)
  18 foxfires (Swamp:2)
  37 fungi
  A lurking horror (Abyss:3)
  213 plants
  10 starspawn tentacles
290 creatures vanquished.

Grand Total: 2513 creatures vanquished

Notes
Turn   | Place    | Note
-------+----------+-------------------------------------------
     0 | D:1      | Ijustatesigmund the Gnoll Fighter began the quest for the
                  | Orb.
     0 | D:1      | Reached XP level 1. HP: 23/23 MP: 1/1
   134 | D:1      | Reached XP level 2. HP: 29/29 MP: 2/2
   389 | D:1      | Found Icleyloi's General Store.
   561 | D:1      | Reached XP level 3. HP: 35/35 MP: 3/3
   870 | D:2      | Reached skill level 1 in Invocations
  1653 | D:2      | Reached skill level 1 in Short Blades
  1653 | D:2      | Reached skill level 1 in Long Blades
  1653 | D:2      | Reached skill level 1 in Maces & Flails
  1653 | D:2      | Reached skill level 1 in Polearms
  1653 | D:2      | Reached skill level 1 in Staves
  1653 | D:2      | Reached skill level 1 in Slings
  1653 | D:2      | Reached skill level 1 in Bows
  1653 | D:2      | Reached skill level 1 in Crossbows
  1653 | D:2      | Reached skill level 1 in Throwing
  1653 | D:2      | Reached skill level 1 in Dodging
  1653 | D:2      | Reached skill level 1 in Stealth
  1653 | D:2      | Reached skill level 1 in Unarmed Combat
  1653 | D:2      | Reached skill level 1 in Spellcasting
  1653 | D:2      | Reached skill level 1 in Evocations
  1686 | D:2      | Found a faded altar of an unknown god.
  1688 | D:2      | Noticed an eye of devastation
  1695 | D:2      | Reached XP level 4. HP: 40/41 MP: 5/5
  1701 | D:2      | Noticed a shining eye
  1724 | D:2      | Noticed an eye of devastation
  2070 | D:2      | Noticed a great orb of eyes
  2336 | D:3      | Reached skill level 1 in Conjurations
  2336 | D:3      | Reached skill level 1 in Hexes
  2336 | D:3      | Reached skill level 1 in Summonings
  2336 | D:3      | Reached skill level 1 in Necromancy
  2336 | D:3      | Reached skill level 1 in Translocations
  2336 | D:3      | Reached skill level 1 in Transmutations
  2336 | D:3      | Reached skill level 1 in Fire Magic
  2336 | D:3      | Reached skill level 1 in Ice Magic
  2336 | D:3      | Reached skill level 1 in Air Magic
  2336 | D:3      | Reached skill level 1 in Earth Magic
  2336 | D:3      | Reached skill level 1 in Poison Magic
  2630 | D:3      | Found a hazy altar of Hepliaklqana.
  2905 | D:4      | Noticed a black bear
  2920 | D:4      | Killed a black bear
  2921 | D:4      | Reached XP level 5. HP: 32/47 MP: 5/7
  3217 | D:1      | Bought a potion of heal wounds for 55 gold pieces
  3299 | D:4      | Found a broken altar of Ashenzari.
  3299 | D:4      | Found a sparkling altar of Nemelex Xobeh.
  3319 | D:4      | Noticed an ogre
  3404 | D:4      | Reached XP level 6. HP: 52/53 MP: 8/8
  3461 | D:4      | Noticed a necrophage
  3469 | D:4      | Killed a necrophage
  3470 | D:4      | Reached skill level 5 in Axes
  3602 | D:4      | You fall into a shaft and drop 2 floors!
  3647 | D:5      | Entered Level 5 of the Dungeon
  3670 | D:5      | Reached XP level 7. HP: 40/59 MP: 10/10
  3945 | D:4      | Found Suischao's Book Shoppe.
  4136 | D:4      | Found a staircase to the Ecumenical Temple.
  4195 | D:4      | Noticed Sigmund
  4206 | D:4      | Killed Sigmund
  4207 | D:4      | Reached XP level 8. HP: 62/67 MP: 12/12
  4234 | Temple   | Entered the Ecumenical Temple
  4267 | Temple   | Became a worshipper of Cheibriados the Contemplative
  4565 | D:4      | Noticed Grinder
  4574 | D:4      | Paralysed by Grinder for 4 turns
  4578 | D:4      | Killed Grinder
  5950 | D:6      | Noticed Pikel
  6012 | D:6      | Killed Pikel
  6013 | D:6      | Reached skill level 6 in Axes
  6013 | D:6      | Reached XP level 9. HP: 37/73 MP: 14/14
  6377 | D:6      | Reached * piety under Cheibriados
  7493 | D:7      | Reached ** piety under Cheibriados
  7914 | D:7      | Reached skill level 5 in Invocations
  8318 | D:7      | Found a sacrificial altar of Ru.
  8708 | D:8      | Reached XP level 10. HP: 50/80 MP: 17/17
  8837 | D:8      | Noticed a seven-headed hydra
  8858 | D:8      | Killed a seven-headed hydra
  8859 | D:8      | Reached skill level 5 in Short Blades
  8859 | D:8      | Reached skill level 5 in Long Blades
  8859 | D:8      | Reached skill level 5 in Maces & Flails
  8859 | D:8      | Reached skill level 5 in Polearms
  8859 | D:8      | Reached skill level 5 in Staves
  8859 | D:8      | Reached skill level 5 in Slings
  8859 | D:8      | Reached skill level 5 in Bows
  8859 | D:8      | Reached skill level 5 in Crossbows
  8859 | D:8      | Reached skill level 5 in Throwing
  8859 | D:8      | Reached skill level 5 in Dodging
  8859 | D:8      | Reached skill level 5 in Stealth
  8859 | D:8      | Reached skill level 5 in Unarmed Combat
  8859 | D:8      | Reached skill level 5 in Spellcasting
  8859 | D:8      | Reached skill level 5 in Evocations
  8990 | D:8      | Noticed a manticore
  9001 | D:8      | Killed a manticore
  9002 | D:8      | Reached skill level 7 in Axes
  9003 | D:8      | Got the Almanac of Icy Translocation
  9119 | D:8      | Reached *** piety under Cheibriados
 10101 | D:8      | Learned a level 2 spell: Wereblood
 10105 | D:8      | Learned a level 3 spell: Lesser Beckoning
 10394 | D:8      | Noticed a centaur warrior
 10405 | D:8      | Killed a centaur warrior
 10406 | D:8      | Reached XP level 11. HP: 72/87 MP: 19/19
 10606 | D:9      | Noticed a green ugly thing
 10606 | D:9      | Noticed a deep elf pyromancer
 10632 | D:9      | Killed a green ugly thing
 10651 | D:9      | Killed a deep elf pyromancer
 10652 | D:9      | Reached skill level 5 in Conjurations
 10652 | D:9      | Reached skill level 5 in Hexes
 10652 | D:9      | Reached skill level 5 in Summonings
 10652 | D:9      | Reached skill level 5 in Necromancy
 10652 | D:9      | Reached skill level 5 in Translocations
 10652 | D:9      | Reached skill level 5 in Transmutations
 10652 | D:9      | Reached skill level 5 in Fire Magic
 10652 | D:9      | Reached skill level 5 in Ice Magic
 10652 | D:9      | Reached skill level 5 in Air Magic
 10652 | D:9      | Reached skill level 5 in Earth Magic
 10652 | D:9      | Reached skill level 5 in Poison Magic
 10927 | D:9      | Found a radiant altar of Vehumet.
 10927 | D:9      | Found a burning altar of Makhleb.
 10958 | D:9      | Reached **** piety under Cheibriados
 11481 | D:9      | Noticed Maurice
 11492 | D:9      | Paralysed by something for 7 turns
 11515 | D:9      | Killed Maurice
 11683 | D:9      | Identified the ring "Tetiet" {Ice +Blink rCorr Int-5}
 11696 | D:9      | Found a hide-covered altar of Uskayaw.
 11984 | D:10     | Entered Level 10 of the Dungeon
 11999 | D:10     | Noticed wpisznazwe's ghost (journeyman VSDe)
 12007 | D:10     | Found a runed translucent door.
 12061 | D:10     | Found Figewk's Book Boutique.
 12327 | D:10     | Reached ***** piety under Cheibriados
 12458 | D:10     | Found a staircase to the Lair.
 12696 | D:10     | Found a staircase to the Orcish Mines.
 13019 | D:10     | Found a stormy altar of Qazlal.
 13353 | D:10     | Reached skill level 8 in Axes
 13429 | D:11     | Noticed a centaur warrior
 13434 | D:11     | Killed a centaur warrior
 13740 | D:11     | Noticed a cyclops
 13751 | D:11     | Killed a cyclops
 14292 | D:11     | Learned a level 3 spell: Conjure Flame
 14341 | D:11     | Noticed Urug
 14357 | D:11     | Killed Urug
 14407 | D:11     | Noticed a manticore
 14416 | D:11     | Killed a manticore
 14417 | D:11     | Reached XP level 12. HP: 96/96 MP: 22/22
 14668 | D:11     | Noticed Psyche
 14674 | D:11     | Killed Psyche
 16018 | D:12     | Noticed a centaur warrior
 16039 | D:12     | Killed a centaur warrior
 16041 | D:12     | Reached skill level 10 in Fighting
 16041 | D:12     | Reached skill level 10 in Armour
 16041 | D:12     | Reached skill level 10 in Shields
 16377 | D:12     | Learned a level 3 spell: Ignite Poison
 16381 | D:12     | Learned a level 3 spell: Stone Arrow
 16443 | D:12     | Identified a scroll of acquirement
 16443 | D:12     | Acquired 792 gold pieces
 16967 | Orc:1    | Entered Level 1 of the Orcish Mines
 16967 | Orc:1    | Found Lisobaul's Book Shoppe.
 17115 | Orc:1    | Found Felaakug's Antique Armour Emporium.
 17184 | Orc:1    | Bought a pair of embroidered boots for 217 gold pieces
 17258 | Orc:1    | Reached skill level 9 in Axes
 17627 | Orc:1    | Reached XP level 13. HP: 74/103 MP: 21/24
 17790 | Orc:1    | Noticed an ettin
 17795 | Orc:1    | Noticed a frost giant
 18075 | Orc:1    | Reached ****** piety under Cheibriados
 18155 | Orc:1    | Noticed an ettin
 18166 | Orc:1    | Killed an ettin
 18223 | Orc:1    | Found Tagugg's Weapon Boutique.
 18263 | Orc:1    | Killed an ettin
 18268 | Orc:1    | Identified the +6 great sword of Gaodu {drain, rC+ rN+}
 18749 | Orc:1    | Found Uddelext's Armour Emporium.
 18997 | Orc:1    | Identified the +5 bardiche "Ahiedor" {freeze, *Slow Str+2
                  | Dex+4}
 19195 | Orc:1    | Killed a frost giant
 19895 | Orc:1    | Identified the +6 spear of Caydd {venom, rElec rF- Int+3}
 19897 | Orc:1    | Identified the +8 dagger "Suguel" {holy, Fragile rPois
                  | Dex+4}
 19899 | Orc:1    | Identified the +6 trident of Annihilation {drain, Int+4}
 19901 | Orc:1    | Identified the +7 short sword "Nicyzo" {venom, rPois}
 19902 | Orc:1    | Identified the +4 trident of the Extremes {vorpal, rC+
                  | Dex+4}
 20046 | Lair:1   | Entered Level 1 of the Lair of Beasts
 21015 | Lair:2   | Acquired a +4 ring of slaying
 22545 | Lair:3   | Reached skill level 10 in Axes
 22545 | Lair:3   | Reached XP level 14. HP: 113/113 MP: 26/26
 22790 | Lair:3   | Found a staircase to the Snake Pit.
 22881 | Lair:3   | You fall into a shaft and drop 2 floors!
 23193 | Lair:4   | Noticed Nergalle
 23203 | Lair:4   | Killed Nergalle
 23717 | Lair:3   | Found a staircase to the Swamp.
 24239 | Lair:4   | Reached skill level 10 in Invocations
 24354 | Lair:5   | Found a staircase to the Slime Pits.
 24354 | Lair:5   | Found a viscous altar of Jiyva.
 24588 | Lair:5   | Noticed Josephine
 24598 | Lair:5   | Killed Josephine
 24892 | Lair:5   | Noticed Rupert
 24910 | Lair:5   | Killed Rupert
 25409 | Lair:6   | Entered Level 6 of the Lair of Beasts
 25536 | Lair:6   | Learned a level 2 spell: Blink
 25822 | Lair:6   | Reached XP level 15. HP: 53/120 MP: 28/28
 26265 | Lair:6   | Found a runed translucent gate.
 26265 | Lair:6   | Found a runed translucent gate.
 26265 | Lair:6   | Found a runed translucent gate.
 26267 | Lair:6   | Noticed bgiannan's ghost (journeyman MiFi)
 26549 | Lair:6   | Reached skill level 11 in Axes
 26558 | Lair:6   | Reached skill level 10 in Short Blades
 26558 | Lair:6   | Reached skill level 10 in Long Blades
 26558 | Lair:6   | Reached skill level 10 in Maces & Flails
 26558 | Lair:6   | Reached skill level 10 in Polearms
 26558 | Lair:6   | Reached skill level 10 in Staves
 26558 | Lair:6   | Reached skill level 10 in Slings
 26558 | Lair:6   | Reached skill level 10 in Bows
 26558 | Lair:6   | Reached skill level 10 in Crossbows
 26558 | Lair:6   | Reached skill level 10 in Throwing
 26558 | Lair:6   | Reached skill level 10 in Dodging
 26558 | Lair:6   | Reached skill level 10 in Stealth
 26558 | Lair:6   | Reached skill level 10 in Unarmed Combat
 26558 | Lair:6   | Reached skill level 10 in Spellcasting
 26558 | Lair:6   | Reached skill level 10 in Evocations
 26678 | Lair:6   | Got the Compendium of the Unstable Mountains
 27343 | Lair:6   | Killed bgiannan's ghost
 27704 | Lair:6   | Identified the +7 broad axe of the Puffin {venom, rC-
                  | Int+5}
 27925 | Orc:2    | Entered Level 2 of the Orcish Mines
 29016 | Orc:2    | Found a staircase to the Elven Halls.
 29981 | Orc:2    | Found Wuamavethi's Magic Scroll Shop.
 29982 | Orc:2    | Found Qesoamoi's Book Boutique.
 29982 | Orc:2    | Found Zutzilamoe's Book Shop.
 29983 | Orc:2    | Found Coonith's Antique Armour Shop.
 29993 | Orc:2    | Bought a scroll of teleportation for 36 gold pieces
 29997 | Orc:2    | Bought a manual of Axes for 1040 gold pieces
 30516 | D:13     | Acquired 841 gold pieces
 30565 | D:13     | Paralysed by something for 7 turns
 30626 | D:13     | Found a gate to the Vaults.
 30890 | D:13     | Found a broken altar of Ashenzari.
 30942 | D:13     | Reached XP level 16. HP: 123/128 MP: 30/30
 31319 | D:14     | Found Gayrph's Antique Armour Shop.
 31327 | D:14     | Bought a glowing helmet for 210 gold pieces
 31698 | D:14     | Reached skill level 12 in Axes
 32139 | D:15     | Entered Level 15 of the Dungeon
 32168 | D:15     | Paralysed by a floating eye for 3 turns
 32528 | D:15     | Found a staircase to the Depths.
 32528 | D:15     | Found a transporter.
 32616 | D:15     | Noticed Azrael
 32623 | D:15     | Killed Azrael
 32891 | D:15     | Identified the ring "Fastud" {rF++ Will+}
 32917 | D:15     | Found an ornate altar of the Wu Jian Council.
 33063 | D:15     | Paralysed by something for 3 turns
 33168 | D:15     | Found a transporter.
 33191 | D:15     | Paralysed by a great orb of eyes for 7 turns
 33697 | D:15     | Identified the ring of Yesterday {Ice *Slow Dex+5}
 33722 | D:15     | Found a sparkling altar of Nemelex Xobeh.
 33855 | D:15     | Found a stormy altar of Qazlal.
 33914 | D:15     | Found the ring of the Octopus King
 33943 | D:15     | Identified a ring of the Octopus King {rCorr AC+1 EV+1
                  | Str+1 Int+1 Dex+1}
 34586 | D:15     | Reached skill level 13 in Axes
 34618 | D:15     | Reached XP level 17. HP: 136/136 MP: 32/32
 34860 | Snake:1  | Entered Level 1 of the Snake Pit
 34917 | Snake:1  | You fall into a shaft and drop 1 floor!
 35042 | Snake:2  | Noticed Jorgrun
 35048 | Snake:2  | Killed Jorgrun
 35469 | Snake:2  | You fall into a shaft and drop 1 floor!
 35614 | Snake:2  | Noticed Aizul
 35627 | Snake:2  | Killed Aizul
 36969 | Snake:2  | Reached skill level 10 in Conjurations
 36969 | Snake:2  | Reached skill level 10 in Hexes
 36969 | Snake:2  | Reached skill level 10 in Summonings
 36969 | Snake:2  | Reached skill level 10 in Necromancy
 36969 | Snake:2  | Reached skill level 10 in Translocations
 36969 | Snake:2  | Reached skill level 10 in Transmutations
 36969 | Snake:2  | Reached skill level 10 in Fire Magic
 36969 | Snake:2  | Reached skill level 10 in Ice Magic
 36969 | Snake:2  | Reached skill level 10 in Air Magic
 36969 | Snake:2  | Reached skill level 10 in Earth Magic
 36969 | Snake:2  | Reached skill level 10 in Poison Magic
 37193 | Snake:2  | Found a runed translucent gate.
 37193 | Snake:2  | Found a runed translucent gate.
 37193 | Snake:2  | Found a runed translucent gate.
 37220 | Snake:2  | Found an opulent altar of Gozag.
 37223 | Snake:2  | Noticed Nomu's ghost (adept MiBe)
 37252 | Snake:2  | Killed Nomu's ghost
 37545 | Snake:1  | Found Deqimyza's Overcharged Wands.
 37618 | Snake:1  | Reached skill level 14 in Axes
 39170 | Snake:1  | Identified the +5 hunting sling "Rus Nobb" {flame, Int+2}
 39171 | Snake:1  | Gained mutation: Your flesh is heat resistant. (rF+)
                  | [potion of mutation]
 39171 | Snake:1  | Gained mutation: You are frail. (-10% HP) [potion of
                  | mutation]
 39171 | Snake:1  | Gained mutation: You occasionally shout uncontrollably at
                  | your foes. [potion of mutation]
 39171 | Snake:1  | Gained mutation: You are agile. (Dex +2) [potion of
                  | mutation]
 39172 | Snake:1  | Lost mutation: You occasionally shout uncontrollably at
                  | your foes. [potion of mutation]
 39172 | Snake:1  | Lost mutation: You are agile. (Dex +2) [potion of mutation]
 39172 | Snake:1  | Gained mutation: Your natural rate of healing is unusually
                  | fast. [potion of mutation]
 39172 | Snake:1  | Gained mutation: Your muscles are strong. (Str +2) [potion
                  | of mutation]
 39172 | Snake:1  | Gained mutation: Armour fits poorly on your strangely
                  | shaped body. [potion of mutation]
 39173 | Snake:1  | Lost mutation: You are frail. (-10% HP) [potion of
                  | mutation]
 39173 | Snake:1  | Gained mutation: You are agile. (Dex +2) [potion of
                  | mutation]
 39173 | Snake:1  | Gained mutation: Your mind is acute. (Int +2) [potion of
                  | mutation]
 39173 | Snake:1  | Gained mutation: You have a pair of small horns on your
                  | head. [potion of mutation]
 39174 | Snake:1  | Lost mutation: Your mind is acute. (Int +2) [potion of
                  | mutation]
 39174 | Snake:1  | Lost mutation: Armour fits poorly on your strangely shaped
                  | body. [potion of mutation]
 39365 | Snake:3  | Reached XP level 18. HP: 144/144 MP: 31/34
 39663 | Snake:3  | Noticed Vashnia
 39675 | Snake:3  | Killed Vashnia
 40634 | Snake:4  | Entered Level 4 of the Snake Pit
 40699 | Snake:4  | Learned a level 5 spell: Alistair's Intoxication
 40700 | Snake:4  | Found a stormy altar of Qazlal.
 42875 | Orc:2    | Bought a manual of Poison Magic for 1040 gold pieces
 43286 | Snake:4  | Reached skill level 15 in Axes
 43575 | Snake:4  | Got a serpentine rune of Zot
 43916 | Swamp:1  | Entered Level 1 of the Swamp
 44107 | D:14     | Bought the +4 skin of Zhor {*Englaciate rC+++ SInv} for
                  | 1862 gold pieces
 44107 | D:14     | Found the +4 skin of Zhor {*Englaciate rC+++ SInv}
 44129 | D:14     | Learned a level 5 spell: Borgnjor's Vile Clutch
 44136 | D:14     | Learned a level 6 spell: Statue Form
 44915 | Swamp:1  | Identified the +4 arbalest of Karma {flame, Str+8}
 45329 | Swamp:2  | Reached XP level 19. HP: 140/152 MP: 35/35
 45810 | Swamp:2  | Paralysed by a fenstrider witch for 4 turns
 47249 | Swamp:4  | Entered Level 4 of the Swamp
 47596 | Swamp:4  | Identified the +7 chain mail of Ranippikh {Fly rN+ Int+8
                  | Dex+3}
 48129 | Swamp:4  | Reached skill level 16 in Axes
 48737 | Swamp:4  | Got a decaying rune of Zot
 49114 | Vaults:1 | Entered Level 1 of the Vaults
 49386 | Vaults:1 | Reached XP level 20. HP: 67/161 MP: 33/37
 49448 | Vaults:1 | Identified the +0 mace of Beogh {drain, rElec Str+3}
 49459 | Vaults:1 | Found a runed translucent door.
 49459 | Vaults:1 | Found the +5 demon whip "Spellbinder" {antimagic, Will+}
 49459 | Vaults:1 | Noticed Soborki's ghost (adept MiBe)
 49476 | Vaults:1 | Killed Soborki's ghost
 49854 | Vaults:1 | Reached skill level 15 in Fighting
 49854 | Vaults:1 | Reached skill level 15 in Armour
 49854 | Vaults:1 | Reached skill level 15 in Shields
 50863 | Vaults:2 | Found a staircase to the Crypt.
 50952 | Vaults:2 | Reached skill level 17 in Axes
 50965 | Vaults:2 | Reached skill level 15 in Invocations
 51390 | Vaults:2 | Noticed Frederick
 51398 | Vaults:2 | Killed Frederick
 52096 | Vaults:3 | Noticed Mennas
 52109 | Vaults:3 | Killed Mennas
 52553 | Vaults:3 | Reached XP level 21. HP: 155/169 MP: 6/39
 54109 | Vaults:4 | Noticed Margery
 54125 | Vaults:4 | Killed Margery
 54740 | Vaults:4 | Reached skill level 18 in Axes
 55014 | Vaults:5 | Entered Level 5 of the Vaults
 55322 | Vaults:5 | Identified the +9 hunting sling "Jeodokek" {flame, Fly rC+
                  | Stlth+}
 55520 | Vaults:5 | Found Bemas's Magic Scroll Shop.
 55539 | Vaults:5 | Bought a scroll of magic mapping for 73 gold pieces
 55539 | Vaults:5 | Bought a scroll of teleportation for 63 gold pieces
 55539 | Vaults:5 | Bought a scroll of teleportation for 63 gold pieces
 55540 | Vaults:5 | Got the Collected Works on Burning Calling
 55708 | Vaults:5 | Reached XP level 22. HP: 114/174 MP: 36/40
 55998 | Vaults:5 | Noticed a golden dragon
 56009 | Vaults:5 | Killed a golden dragon
 56194 | Vaults:5 | Identified the +2 trident of Kaoghejo {vorpal, Str+4 Int-5
                  | Dex+2}
 56212 | Vaults:5 | Identified the +6 great mace of Victory {vorpal, rElec
                  | Str+4 Dex+3}
 56241 | Vaults:5 | Identified the +5 quarterstaff of Prudence {venom, Dex+2}
 56275 | Vaults:5 | Reached skill level 15 in Short Blades
 56275 | Vaults:5 | Reached skill level 15 in Long Blades
 56275 | Vaults:5 | Reached skill level 15 in Maces & Flails
 56275 | Vaults:5 | Reached skill level 15 in Polearms
 56275 | Vaults:5 | Reached skill level 15 in Staves
 56275 | Vaults:5 | Reached skill level 15 in Slings
 56275 | Vaults:5 | Reached skill level 15 in Bows
 56275 | Vaults:5 | Reached skill level 15 in Crossbows
 56275 | Vaults:5 | Reached skill level 15 in Throwing
 56275 | Vaults:5 | Reached skill level 15 in Dodging
 56275 | Vaults:5 | Reached skill level 15 in Stealth
 56275 | Vaults:5 | Reached skill level 15 in Unarmed Combat
 56275 | Vaults:5 | Reached skill level 15 in Spellcasting
 56275 | Vaults:5 | Reached skill level 15 in Evocations
 56644 | Vaults:5 | Reached skill level 19 in Axes
 56678 | Vaults:5 | Noticed a dread lich
 56686 | Vaults:5 | Killed a dread lich
 56834 | Vaults:5 | Acquired the +1 pair of gloves "Amojejo" {Str+5 Slay+3}
 56990 | Vaults:5 | Got a silver rune of Zot
 57489 | Elf:1    | Entered Level 1 of the Elven Halls
 58000 | Elf:1    | Paralysed by an air elemental for 1 turns
 58469 | Elf:1    | Reached skill level 15 in Poison Magic
 58589 | Elf:2    | Paralysed by an air elemental for 1 turns
 59096 | Elf:2    | Found a huge runed translucent gate.
 59096 | Elf:2    | Found a huge runed translucent gate.
 59096 | Elf:2    | Found a huge runed translucent gate.
 59096 | Elf:2    | Found a huge runed translucent gate.
 59097 | Elf:2    | Found a huge runed translucent gate.
 59211 | Elf:2    | Reached XP level 23. HP: 167/186 MP: 42/42
 60010 | Elf:3    | Entered Level 3 of the Elven Halls
 60895 | Elf:3    | Cast into level 3 of the Abyss (a deep elf demonologist)
 60895 | Abyss:3  | Found a corrupted altar of Lugonu.
 60993 | Abyss:3  | Reached skill level 20 in Axes
 61180 | Elf:3    | Escaped the Abyss
 61207 | Elf:3    | Identified the +10 mace of Cocytus {speed, rC+}
 61222 | Elf:3    | HP: 9/187 [deep elf sorcerer (5)]
 61321 | Elf:3    | Identified the ring of Sin {rC+ Str+4 Int+2 Dex+4}
 61323 | Elf:3    | Identified the +9 great mace of Domination {vorpal, rC+
                  | Str+3 Int+6}
 61346 | Elf:3    | Cast into level 2 of the Abyss (a deep elf sorcerer)
 61599 | Elf:3    | Escaped the Abyss
 61671 | Elf:3    | Acquired a +1 hat of willpower
 61744 | Elf:3    | Reached XP level 24. HP: 195/195 MP: 39/43
 61786 | Elf:3    | Got the Grimoire of Ashen Sinister Rites
 61833 | Elf:3    | Identified the +4 hand crossbow of the Witching Wolf
                  | {venom, rF+ rN+ Str-2 Stlth+}
 61890 | Elf:3    | Got the Grimoire of Virous Clay
 61903 | Elf:3    | Identified the +3 great sword of Quantum Leap {flame,
                  | Dex+5}
 62277 | Depths:1 | Entered Level 1 of the Depths
 62594 | Depths:1 | Found a gateway to a ziggurat.
 62640 | Depths:1 | Found a gateway to Hell.
 62852 | Depths:1 | Found an ornate altar of the Wu Jian Council.
 63345 | Depths:2 | Found a one-way gate leading to the halls of Pandemonium.
 63454 | Depths:2 | Found a one-way gate to the infinite horrors of the Abyss.
 63454 | Depths:2 | Noticed Louise
 63469 | Depths:2 | Killed Louise
 63672 | Depths:2 | Noticed a caustic shrike
 63681 | Depths:2 | Killed a caustic shrike
 64295 | Depths:2 | Identified the +13 plate armour of Basiduz {-Cast Str+4
                  | Int-5 Dex+4}
 64472 | Depths:3 | Reached skill level 21 in Axes
 64711 | Depths:3 | Noticed Sojobo
 64726 | Depths:3 | Killed Sojobo
 64765 | Depths:3 | Learned a level 5 spell: Manifold Assault
 65045 | Depths:3 | Found an ancient bone altar of Kikubaaqudgha.
 65055 | Depths:3 | Reached XP level 25. HP: 195/203 MP: 39/43
 65316 | Depths:3 | Noticed Jory
 65329 | Depths:3 | Killed Jory
 65441 | Depths:4 | Entered Level 4 of the Depths
 65701 | Depths:4 | Cast into level 3 of the Abyss (hell knight)
 65701 | Abyss:3  | Found a corrupted altar of Lugonu.
 65708 | Depths:4 | Escaped the Abyss
 66160 | Depths:4 | Upgraded the game from 0.28-a0-793-g31680bbd8b to
                  | 0.28-a0-811-g00180f5fcc
 66166 | Depths:4 | Learned a level 5 spell: Freezing Cloud
 66521 | Depths:4 | Found a gate to the Realm of Zot.
 66958 | Zot:1    | Entered Level 1 of the Realm of Zot
 66969 | Zot:1    | Learned a level 3 spell: Portal Projectile
 68032 | Zot:1    | Reached skill level 22 in Axes
 68900 | Zot:2    | Noticed a Killer Klown
 68907 | Zot:2    | Killed a Killer Klown
 68911 | Zot:2    | Noticed an ancient lich
 69126 | Zot:2    | Reached XP level 26. HP: 97/213 MP: 44/44
 69955 | Zot:3    | Noticed an orb of fire
 70057 | Zot:2    | Killed an orb of fire
 70341 | Zot:2    | Killed an ancient lich
 70355 | Zot:3    | Reached skill level 15 in Conjurations
 70355 | Zot:3    | Reached skill level 15 in Hexes
 70355 | Zot:3    | Reached skill level 15 in Summonings
 70355 | Zot:3    | Reached skill level 15 in Necromancy
 70355 | Zot:3    | Reached skill level 15 in Translocations
 70355 | Zot:3    | Reached skill level 15 in Transmutations
 70355 | Zot:3    | Reached skill level 15 in Fire Magic
 70355 | Zot:3    | Reached skill level 15 in Ice Magic
 70355 | Zot:3    | Reached skill level 15 in Air Magic
 70355 | Zot:3    | Reached skill level 15 in Earth Magic
 70412 | Zot:3    | Identified the +0 cloak of Vehumet's Displeasure {rCorr}
 70414 | Zot:3    | Identified the +4 cloak "Dailyx" {Dex+3}
 70415 | Zot:3    | Noticed Uvyism's ghost (legendary GnMo)
 70424 | Zot:3    | Found a transporter.
 70544 | Zot:3    | Upgraded the game from 0.28-a0-811-g00180f5fcc to
                  | 0.28-a0-821-g923ab73998
 71138 | Zot:3    | Found a transporter.
 71143 | Zot:3    | Found a bloodstained altar of Trog.
 71167 | Zot:3    | Killed Uvyism's ghost
 71168 | Zot:3    | Reached skill level 23 in Axes
 71542 | Zot:4    | Reached XP level 27. HP: 187/221 MP: 34/45
 72024 | Zot:5    | Entered Level 5 of the Realm of Zot
 72326 | Zot:5    | Noticed an ancient lich
 72335 | Zot:5    | Noticed an orb of fire
 72335 | Zot:5    | Gained mutation: You are dopey. (Int -2) [an orb of fire]
 72343 | Zot:5    | Gained mutation: Armour fits poorly on your strangely
                  | shaped body. [an orb of fire]
 72345 | Zot:5    | Killed an orb of fire
 72636 | Zot:5    | Noticed a dread lich
 72643 | Zot:5    | Paralysed by a dread lich for 4 turns
 72650 | Zot:5    | Killed a dread lich
 72691 | Zot:5    | Noticed an orb of fire
 72691 | Zot:5    | Noticed an orb of fire
 72691 | Zot:5    | Gained mutation: Your magical capacity is low. (-10% MP)
                  | [an orb of fire]
 72692 | Zot:5    | Noticed an ancient lich
 72695 | Zot:5    | Gained mutation: You are occasionally teleported next to
                  | monsters. [an orb of fire]
 72701 | Zot:5    | Lost mutation: Your muscles are strong. (Str +2) [an orb of
                  | fire]
 72701 | Zot:5    | Gained mutation: You occasionally shout uncontrollably at
                  | your foes. [an orb of fire]
 72702 | Zot:5    | Gained mutation: You sometimes lose the ability to read
                  | scrolls when taking damage. [an orb of fire]
 72703 | Zot:5    | Killed an orb of fire
 72705 | Zot:5    | Gained mutation: You are weak. (Str -2) [an orb of fire]
 72710 | Zot:5    | Killed an orb of fire
 72715 | Zot:5    | Killed an ancient lich
 72730 | Zot:5    | Noticed an ancient lich
 72731 | Zot:5    | Noticed a dread lich
 72731 | Zot:5    | Noticed an orb of fire
 72731 | Zot:5    | Gained mutation: You are sometimes teleported next to
                  | monsters. [an orb of fire]
 72742 | Zot:5    | Noticed a dread lich
 72750 | Zot:5    | Killed an ancient lich
 72752 | Zot:5    | Lost mutation: You are weak. (Str -2) [potion of mutation]
 72752 | Zot:5    | Lost mutation: Your flesh is heat resistant. (rF+) [potion
                  | of mutation]
 72752 | Zot:5    | Gained mutation: You are robust. (+10% HP) [potion of
                  | mutation]
 72756 | Zot:5    | HP: 13/309 [something (4)]
 72768 | Zot:5    | Killed a dread lich
 72769 | Zot:5    | Gained mutation: You tend to lose your temper in combat.
                  | [an orb of fire]
 72769 | Zot:5    | Killed from afar by an orb of fire

Illustrated notes

Levels and vault maps discovered:
D:1:      ebering_trefoil_3fold, layout_basic, serial_shops,
          nicolae_shop_window_shopping, chequers_mini_garden, chequers_garden,
          minmay_crystal_water, st_stairs_6, corexii_hall_statues_x,
          amcnicky_mini_corridor_feature
D:2:      layout_basic, hellmonk_ecumenical_altar_watching_god
D:3:      layout_loops_cross, mainiacjoe_overflow_six_doors_small
D:4:      layout_loops_cross, mainiacjoe_overflow_divided_tiny,
          minmay_temple_entry_glassed_door, serial_shops, kennysheep_little_box,
          hex_large, minmay_misc_feat_hallway, serial_bayou_pond_d,
          chequers_serial_rivers_small_a, uniq_sigmund, uniq_grinder
D:5:      layout_basic
D:6:      layout_basic, minmay_misc_feat_alley, nicolae_lava_and_water,
          lemuel_flamethrower_2, uniq_pikel
D:7:      layout_rooms, nicolae_ru_path_of_blood, dk_noncrumbling_2,
          minmay_misc_feat_pillars, minivault_5
D:8:      cheibrodos_ideogram_h, layout_basic, nicolae_overflow_hidden_temple
D:9:      layout_basic, grunt_temple_overflow_lords_of_destruction,
          lemuel_round_altar, uniq_maurice
D:10:     layout_long_grid, mainiacjoe_overflow_concentric_impassable,
          dpeg_oklobed_lair, erik_orc_2, hellmonk_ghost_big_iron, serial_shops,
          shop_coins
D:11:     layout_small_grid, uniq_psyche, uniq_urug
D:12:     layout_stronghold
D:13:     layout_loops_cross, hangedman_vaults_entry_quadrant_bands,
          evilmike_ruin_ashenzari
D:14:     layout_cave_pods, serial_bayou_shore_b, serial_shops,
          nicolae_shop_waterfront
D:15:     hangedman_spin_cycle
Temple:   oiseaux_autumnal_temple
Lair:1:   layout_chaotic_city
Lair:2:   layout_cave_pods, nzn_sisyphean_effort, serial_bayou_shore_b,
          serial_bayou_shore_b, grunt_megastairs_5
Lair:3:   layout_regular_city, nicolae_swamp_entry_splash_gauntlet,
          guppyfry_snake_entry_island, enter_volcano_3
Lair:4:   layout_roguey, lemuel_fruit_tree, uniq_nergalle
Lair:5:   layout_roguey, slime_altar_1, grunt_megastairs_4, uniq_josephine,
          uniq_rupert
Lair:6:   minmay_lair_end_frog_pond, layout_small_grid,
          gammafunk_ghost_hydra_chop
Swamp:1:  layout_basic_swamp, evilmike_swamp_ruin_wall, swamp_pool4,
          infiniplex_staircase_pool
Swamp:2:  layout_basic_swamp, hangedman_swamp_ruin_hall, swamp_pool1,
          hangedman_swamp_cone
Swamp:3:  layout_basic_swamp, evilmike_swamp_ruin_house_1, swamp_pool2
Swamp:4:  swamp, layout_basic_swamp
Snake:1:  layout_chambers, nicolae_shop_overcharged_wands
Snake:2:  layout_concentric_octagons, ebering_ghost_gozag, serial_bayou_shore_a,
          uniq_aizul, uniq_jorgrun
Snake:3:  layout_chambers, uniq_vashnia
Snake:4:  minmay_snake_end_coiled, layout_cave_town, basic_altar
Orc:1:    giant_chief_lemuel, layout_diamond_mine, serial_shops, shop,
          shop_statue, shop, nicolae_shop_crystal
Orc:2:    st_orc_pillars, layout_caves, guppyfry_orc_lava_fort
Elf:1:    layout_geoelf_octagon, evilmike_minifort
Elf:2:    elven_hall_of_blades_hangedman_alternative
          [infiniplex_blade_entry_pillars], layout_loops_cross, drop_trap,
          nrook_loot_triangle
Elf:3:    nooodl_elf_gasket, layout_gridlike
Vaults:1: ebering_ghost_inner_flame, v_rooms_1,
          nicolae_vaults_network_periphery, grunt_vaults_swirl,
          nicolae_vaults_asterisk, v_misc_23, v_misc_31, vaults_room_corners,
          vaults_dpeg_spiral, nicolae_vaults_network_star,
          hangedman_vaults_stretched_pinwheel, layout_vaults_maze
Vaults:2: v_misc_26, ontoclasm_vaults_twist, ontoclasm_vaults_ring_small,
          vaults_room_hallway, vaults_room_pools, v_misc_4,
          vaults_room_hangedman_quadrants, minmay_crypt_entry_simple_corners,
          vaults_room_door_hall, nicolae_vaults_bisected_slash,
          vaults_dpeg_ring, layout_vaults_chaotic_city, uniq_frederick
Vaults:3: nicolae_vaults_little_squares_1, vaults_standard_mumra_lines,
          nicolae_vaults_shelves_hall, v_misc_1, v_rooms_2,
          hangedman_vaults_river_flow, ontoclasm_vaults_shuriken,
          nicolae_vaults_little_squares_3, hangedman_vaults_capsules,
          ontoclasm_vaults_pinch, nicolae_vaults_three_branches,
          nicolae_vaults_asterisk, layout_vaults_omnicross, uniq_mennas
Vaults:4: v_alt_pattern_4, v_alt_pattern_3, hangedman_vaults_slither, v_misc_28,
          vaults_room_door_hall, v_misc_3, nicolae_vaults_little_ls,
          layout_vaults_omnigrid, uniq_margery
Vaults:5
Depths:1: layout_cave_pools, enter_ziggurat_e, nicolae_wu_jian_wuxing_cycle,
          hell_entry, st_stairs_2, kennysheep_generic_room_13
Depths:2: minmay_octo_star, layout_gridville,
          infiniplex_staircase_hallway_doors, pan_entry,
          nicolae_abyss_entry_one_way_or_another, serial_bayou,
          serial_bayou_ford_a, serial_bayou_crossing, serial_bayou_shore_b,
          hell_entry
Depths:3: lemuel_vampire_tower, layout_cave_pools, small_statue_intersection,
          abyss_entry, grunt_hell_horde, uniq_sojobo
Depths:4: grunt_zot_entry_alcove, layout_gridlike, minmay_misc_feat_tower,
          hell_entry, serial_bayou_shore_b, serial_bayou_shore_b
Zot:1:    layout_gridlike
Zot:2:    hangedman_zot_vaults_quadrants, layout_cathedral_of_symmetry
Zot:3:    kennysheep_room_grid, layout_gridville,
          gammafunk_ghost_wrathful_warriors
Zot:4:    layout_onion_interference, drop_trap
Zot:5:    layout_misc_corridors, lemuel_baited_zot_trap

Skill      XL: |  1  2  3  4  5  6  7  8  9 10 11 12 13 14 15 16 17 18 19 20 21 22 23 24 25 26 27 |
---------------+----------------------------------------------------------------------------------+-----
Invocations    | 1 2 3 4 5 6 7 8 9 10 11 12 13 14 15 16 17 18 19 | 19.9
Short Blades   | 1 2 3 4 5 6 7 8 9 10 11 12 13 14 15 16 17 18 | 18.4
Long Blades    | 1 2 3 4 5 6 7 8 9 10 11 12 13 14 15 17 18 19 20 21 | 21.1
Maces & Flails | 1 2 3 4 5 6 7 8 9 10 11 12 13 14 15 16 17 18 | 18.4
Polearms       | 1 2 3 4 5 6 7 8 9 10 11 12 13 14 15 16 17 18 | 18.4
Staves         | 1 2 3 4 5 6 7 8 9 10 11 12 13 14 15 16 17 18 | 18.4
Slings         | 1 2 3 4 5 6 7 8 9 10 11 12 13 14 15 16 17 18 | 18.4
Bows           | 1 2 3 4 5 6 7 8 9 10 11 12 13 14 15 16 17 18 | 18.4
Crossbows      | 1 2 3 4 5 6 7 8 9 10 11 12 13 14 15 16 17 18 | 18.4
Throwing       | 1 2 3 4 5 6 7 8 9 10 11 12 13 14 15 16 17 18 | 18.4
Dodging        | 1 2 3 4 5 6 7 8 9 10 11 12 13 14 15 16 17 18 | 18.4
Stealth        | 1 2 3 4 5 6 7 8 9 10 11 12 13 14 15 16 17 18 | 18.4
Unarmed Combat | 1 2 3 4 5 6 7 8 9 10 11 12 13 14 15 16 17 18 | 18.4
Spellcasting   | 1 2 3 4 5 6 7 8 9 10 11 12 13 14 15 16 17 18 | 18.4
Evocations     | 1 2 3 4 5 6 7 8 9 10 11 12 13 14 15 16 17 18 | 18.4
Conjurations   | 1 2 3 4 5 6 7 8 9 10 11 12 13 14 15 | 15.7
Hexes          | 1 2 3 4 5 6 7 8 9 10 11 12 13 14 15 | 15.7
Summonings     | 1 2 3 4 5 6 7 8 9 10 11 12 13 14 15 | 15.7
Necromancy     | 1 2 3 4 5 6 7 8 9 10 11 12 13 14 15 | 15.7
Translocations | 1 2 3 4 5 6 7 8 9 10 11 12 13 14 15 | 15.7
Transmutations | 1 2 3 4 5 6 7 8 9 10 11 12 13 14 15 | 15.7
Fire Magic     | 1 2 3 4 5 6 7 8 9 10 11 12 13 14 15 | 15.7
Ice Magic      | 1 2 3 4 5 6 7 8 9 10 11 12 13 14 15 | 15.7
Air Magic      | 1 2 3 4 5 6 7 8 9 10 11 12 13 14 15 | 15.7
Earth Magic    | 1 2 3 4 5 6 7 8 9 10 11 12 13 14 15 | 15.7
Poison Magic   | 1 2 3 4 5 6 7 8 9 10 11 12 13 14 15 16 17 18 19 | 19.3
Axes           | 5 6 7 8 9 10 11 13 14 15 16 17 18 19 20 21 22 23 | 23.7
Fighting       | 7 8 9 10 11 12 13 14 15 16 17 18 19 | 19.4
Armour         | 7 8 9 10 11 12 13 14 15 16 17 18 19 20 21 22 | 22.0
Shields        | 7 8 9 10 11 12 13 14 15 16 17 18 19 | 19.4

Action                   |  1- 3 |  4- 6 |  7- 9 | 10-12 | 13-15 | 16-18 | 19-21 | 22-24 | 25-27 || total
-------------------------+-------+-------+-------+-------+-------+-------+-------+-------+-------++-------
Melee: War axe           |   119 |   103 |   328 |   644 |       |       |       |       |       ||  1194
       Bite              |    10 |     8 |    35 |   149 |   293 |   198 |   239 |   218 |   250 ||  1400
       Spear             |       |       |       |    16 |       |       |       |       |       ||    16
       Trident           |       |       |       |   105 |  1255 |   109 |       |       |       ||  1469
       Broad axe         |       |       |       |       |    51 |   808 |   939 |   941 |  1043 ||  3782
       Headbutt          |       |       |       |       |       |   135 |   397 |   357 |   454 ||  1343
Throw: Boomerang         |       |     6 |     2 |       |       |       |       |       |       ||     8
       Dart              |       |       |       |    49 |    43 |    91 |    55 |    14 |    64 ||   316
 Cast: Conjure Flame     |       |       |       |    11 |     4 |     7 |       |       |       ||    22
       Lesser Beckoning  |       |       |       |     1 |     1 |    55 |    61 |    43 |    47 ||   208
       Wereblood         |       |       |       |       |    16 |     5 |     7 |     6 |     1 ||    35
       Stone Arrow       |       |       |       |       |     2 |       |       |       |       ||     2
       Ignite Poison     |       |       |       |       |    12 |    72 |    44 |    11 |    22 ||   161
       Alistair's Intoxi |       |       |       |       |       |     2 |     1 |     1 |       ||     4
       Blink             |       |       |       |       |       |       |     4 |       |     3 ||     7
       Borgnjor's Vile C |       |       |       |       |       |       |     4 |    44 |     7 ||    55
       Statue Form       |       |       |       |       |       |       |     2 |     5 |    10 ||    17
       Manifold Assault  |       |       |       |       |       |       |       |     8 |    15 ||    23
       Freezing Cloud    |       |       |       |       |       |       |       |       |    10 ||    10
       Portal Projectile |       |       |       |       |       |       |       |       |     6 ||     6
Invok: Bend Time         |       |       |       |     2 |     3 |     2 |       |       |       ||     7
       Slouch            |       |       |       |     1 |     7 |     4 |    12 |     6 |     7 ||    37
       Step From Time    |       |       |       |       |       |     1 |     1 |     1 |     2 ||     5
 Abil: End Transformatio |       |       |       |       |       |       |     1 |       |       ||     1
Evoke: Wand              |       |       |       |    10 |    16 |    11 |    18 |     7 |    18 ||    80
       Condenser vane    |       |       |       |     1 |     2 |     1 |       |     1 |     1 ||     6
  Use: Scroll            |       |     6 |     6 |    10 |    14 |     2 |    12 |    13 |     9 ||    72
       Potion            |       |       |     4 |     3 |     3 |     8 |     4 |     6 |    17 ||    45
 Stab: Invisible         |       |       |       |     6 |       |       |       |       |       ||     6
       Paralysed         |       |       |       |    21 |    18 |     1 |     1 |       |       ||    41
       Sleeping          |       |       |       |       |     2 |    12 |    17 |    25 |    12 ||    68
       Petrified         |       |       |       |       |     9 |       |       |       |       ||     9
       Petrifying        |       |       |       |       |     2 |       |       |       |       ||     2
       Distracted        |       |       |       |       |     1 |     2 |     2 |     6 |     2 ||    13
       Confused          |       |       |       |       |       |     1 |     5 |       |       ||     6
Armor: Scale mail        |    60 |    14 |       |       |       |       |       |       |       ||    74
       Chain mail        |       |    42 |   142 |   260 |   286 |   152 |   117 |   213 |    36 ||  1248
       Animal skin       |       |       |       |       |       |    10 |    81 |       |       ||    91
       Skin              |       |       |       |       |       |       |    13 |    34 |    91 ||   138
       Fire dragon scale |       |       |       |       |       |       |       |       |   121 ||   121
Dodge: Dodged            |    57 |    47 |   140 |   504 |   802 |   525 |   649 |   513 |   735 ||  3972
Block: Buckler           |    44 |    42 |   206 |   510 |   945 |    18 |       |       |       ||  1765
       Reflection        |       |     3 |     4 |    23 |    30 |   132 |    13 |    79 |    17 ||   301
       Kite shield       |       |       |       |       |       |  1090 |   995 |   104 |       ||  2189
       Tower shield      |       |       |       |       |       |       |     2 |  1090 |  1283 ||  2375

Table legend: (Time is in decaauts)
 A = Elapsed time spent in this place.
 B = Non-inter-level travel time spent in this place.
 C = Inter-level travel time spent in this place.
 D = Time resting spent in this place.
 E = Time spent auto-exploring this place.
 F = Levels seen in this place.
 G = Mean time per level.
                   A        B        C        D        E       F      G
               +--------+--------+--------+--------+--------+-----+--------+
         Total | 106535 |  97859 |   8676 |  18054 |  60072 |  52 | 2048.8 |
       Dungeon |  29364 |  26574 |   2790 |   6071 |  16065 |  15 | 1957.6 |
        Temple |    359 |    319 |     40 |      0 |    297 |   1 |  359.0 |
          Lair |  13053 |  11695 |   1358 |   1247 |   8638 |   6 | 2175.5 |
         Swamp |   7326 |   7064 |    262 |   1097 |   4511 |   4 | 1831.5 |
     Snake Pit |  12579 |  11516 |   1063 |   3334 |   6046 |   4 | 3144.8 |
  Orcish Mines |   7816 |   6699 |   1117 |   2210 |   2958 |   2 | 3908.0 |
   Elven Halls |   6425 |   6002 |    423 |    779 |   3459 |   3 | 2141.7 |
        Vaults |  12875 |  12132 |    743 |   1433 |   8317 |   5 | 2575.0 |
        Depths |   7228 |   6578 |    650 |    354 |   4561 |   4 | 1807.0 |
           Zot |   8687 |   8461 |    226 |   1436 |   4848 |   5 | 1737.4 |
         Abyss |    820 |    820 |      0 |     91 |    368 |   3 |  273.3 |
               +--------+--------+--------+--------+--------+-----+--------+

Top non-repeatable levels by time:
   Orc:1: 4974 daAuts
    D:15: 3506 daAuts
 Snake:4: 3413 daAuts
 Snake:1: 3309 daAuts
    D:12: 3261 daAuts
 Snake:2: 3241 daAuts
  Lair:6: 3210 daAuts
    D:10: 3146 daAuts
   Zot:2: 3005 daAuts
   Orc:2: 2842 daAuts
Vaults:5: 2835 daAuts
Vaults:3: 2764 daAuts
 Snake:3: 2615 daAuts
Vaults:1: 2610 daAuts
  Lair:2: 2564 daAuts
